 Dungeon Crawl Stone Soup version 0.25.1-1-g288607f5aa (webtiles) character file.

Game seed: 2964637611401753213

200 Kold the Cudgeler (level 5, -1/38 HPs)
             Began as a Demonspawn Gladiator on July 23, 2020.
             Slain by a gnoll (2 damage)
             ... on level 4 of the Dungeon.
             The game lasted 00:04:04 (2834 turns).

Kold the Cudgeler (Demonspawn Gladiator)            Turns: 2834, Time: 00:04:05

Health: -1/38      AC: 15    Str: 15    XL:     5   Next: 49%
Magic:  1/1        EV:  7    Int:  9    God:
Gold:   88         SH:  0    Dex: 11    Spells: 4/4 levels left

rFire    . . .     SeeInvis .   v - +1 mace (antimagic)
rCold    + . .     Gourm    .   (no shield)
rNeg     . . .     Faith    .   k - +2 plate armour {rC+}
rPois    .         Spirit   .   c - +0 helmet
rElec    .         Reflect  .   h - +0 cloak
rCorr    .         Harm     .   (no gloves)
MR       .....                  (no boots)
Stlth    ..........             (no amulet)
HPRegen  0.12/turn              (no ring)
MPRegen  0.07/turn              (no ring)

@: lethally poisoned (-1 -> -4)
A: talons 1, repulsion field 1, clumsy 2, powered by death 1, wild magic 1
a: no special abilities


You were on level 4 of the Dungeon.
You were not hungry.

You visited 1 branch of the dungeon, and saw 4 of its levels.

You collected 88 gold pieces.

Inventory:

Hand Weapons
 a - a +0 flail
 v - a +1 antimagic mace (weapon)
Missiles
 d - 3 throwing nets (quivered)
Armour
 b - a +0 leather armour
 c - a +0 helmet (worn)
 h - a +0 cloak (worn)
 k - a +2 plate armour of cold resistance (worn)
 B - a +3 leather armour
Wands
 w - a wand of acid (5)
 x - a wand of random effects (25)
 A - a wand of iceblast (5)
Scrolls
 e - 3 scrolls of remove curse {unknown}
 i - 3 scrolls of amnesia {unknown}
 n - 2 scrolls of identify {unknown}
 o - 2 scrolls of teleportation {unknown}
 s - 2 scrolls of enchant armour {unknown}
 y - a scroll of enchant weapon {unknown}
Potions
 g - a potion of flight {unknown}
 j - a potion of magic {unknown}
 l - a potion of heal wounds {unknown}
 m - a potion of mutation
 p - a potion of cancellation {unknown}
 r - a potion of berserk rage {unknown}
 t - a potion of stabbing {unknown}
 u - a potion of ambrosia {unknown}
 z - a potion of lignification {unknown}
Comestibles
 f - 6 rations
 q - 2 chunks of flesh


   Skills:
 - Level 2.0 Fighting
 * Level 4.7 Maces & Flails
 - Level 1.7 Throwing
 + Level 2.6 Armour
 - Level 3.0 Dodging


You had 4 spell levels left.
You didn't know any spells.
Your spell library contained the following spells:

 Spells                   Type           Power        Failure   Level  Hunger
 Magic Dart               Conj           #...         100%        1    ##.....
 Searing Ray              Conj           #.....       100%        2    ###....
 Dazzling Flash           Conj/Hex       #.....       100%        3    ####...
 Fulminant Prism          Conj/Hex       #.........   100%        4    #####..
 Iskenderun's Mystic Bla  Conj/Tloc      #.......     100%        4    #####..


Dungeon Overview and Level Annotations

Branches:
Dungeon (4/15)
 Temple: D:4-7

Altars:
Cheibriados
Zin

Annotations:
D:3 1 runed translucent door, Skimidon's ghost, amateur DrCj


Innate Abilities, Weirdness & Mutations

You have sharp toenails.
You are surrounded by a mild repulsion field. (EV +2)
You regenerate a little health from kills.
You are very clumsy. (Dex -4)
Your spells are a little harder to cast, but a little more powerful.


Message History

The scorpion closely misses you.
The gnoll hits you but does no damage. x2
You sock the scorpion!
You claw the scorpion, but do no damage.
The scorpion is severely wounded.
You feel sick. The scorpion closely misses you. The gnoll barely misses you. x2
You closely miss the scorpion.
The scorpion is severely wounded.
The scorpion stings you but does no damage.
The gnoll hits you but does no damage. The gnoll hits you with a +0 flail.
You barely miss the scorpion. Your kick misses the scorpion.
The scorpion is severely wounded.
You feel sick. The scorpion stings you!
* * * LOW HITPOINT WARNING * * *
The gnoll hits you but does no damage. The gnoll hits you with a +0 flail.
* * * LOW HITPOINT WARNING * * *
The scorpion stings you but does no damage.
It was a potion of mutation.
You feel extremely strange.
You feel clumsy. x2; You feel less in control of your magic.
The gnoll hits you.
You die...

.....#.. . ......
.. ##.... ##
...#...:## ..#
s........####.%#
##.....#.#..####
.#....).........#
..........gsg......
........###@<#...##
.....#### ####...#
..... ..# #... ##
###.


You could see a scorpion and 2 gnolls.

Vanquished Creatures
  An orc priest (D:4)
  2 gnolls (D:4)
  7 adders
  An ooze (D:1)
  An adder skeleton (D:3)
  2 worms
  2 dart slugs
  4 leopard geckos
  7 orcs
  3 giant cockroaches
  6 goblins
  5 hobgoblins
  3 jackals (D:3)
  2 quokkas
  10 bats
  4 frilled lizards
  5 kobolds
  4 rats
69 creatures vanquished.

Notes
Turn   | Place    | Note
-------+----------+-------------------------------------------
     0 | D:1      | Kold the Demonspawn Gladiator began the quest for the Orb.
     0 | D:1      | Reached XP level 1. HP: 16/16 MP: 1/1
   113 | D:1      | Reached skill level 3 in Maces & Flails
   143 | D:1      | Gained mutation: You have sharp toenails. [demonic
                  | ancestry]
   143 | D:1      | Reached XP level 2. HP: 21/22 MP: 2/2
   988 | D:2      | Reached XP level 3. HP: 27/27 MP: 3/3
  1048 | D:2      | Reached skill level 1 in Armour
  1193 | D:2      | Found a snail-covered altar of Cheibriados.
  1489 | D:2      | Found a glowing silver altar of Zin.
  1738 | D:2      | Gained mutation: You are surrounded by a mild repulsion
                  | field. (EV +2) [demonic ancestry]
  1738 | D:2      | Reached XP level 4. HP: 33/33 MP: 4/4
  1891 | D:2      | Reached skill level 4 in Maces & Flails
  1986 | D:3      | Found a faded altar of an unknown god.
  2401 | D:3      | Found a runed translucent door.
  2401 | D:3      | Noticed Skimidon's ghost (amateur DrCj)
  2554 | D:3      | Gained mutation: You regenerate a little health from kills.
                  | [demonic ancestry]
  2554 | D:3      | Reached XP level 5. HP: 38/38 MP: 1/5
  2833 | D:4      | HP: 1/38 [gnoll/+0 flail (3)]
  2834 | D:4      | Gained mutation: You are clumsy. (Dex -2) [potion of
                  | mutation]
  2834 | D:4      | Gained mutation: You are very clumsy. (Dex -4) [potion of
                  | mutation]
  2834 | D:4      | Gained mutation: Your spells are a little harder to cast,
                  | but a little more powerful. [potion of mutation]
  2834 | D:4      | Slain by a gnoll

Illustrated notes

Levels and vault maps discovered:
D:1:      wander_arrival_chamber, layout_basic, corexii_corridor_pit,
          dk_noncrumbling_3
D:2:      minmay_diamond_boxcup, layout_basic, cheibriados_altar_1, zin_statuary
D:3:      layout_loops_cross, chequers_ecumenical_altar_simple,
          hellmonk_ghost_happy_afterlife, minmay_crystal_room
D:4:      layout_cave_pools, first_ration, serial_shops, shop,
          portal_sewer_entry_d, minmay_box_of_dots

Skill      XL: |  1  2  3  4 |
---------------+-------------+-----
Maces & Flails | 3 4 |  4.7
Dodging        | 3 |  3.0
Armour         | 1 2 |  2.6
Fighting       | |  2.0
Throwing       | |  1.7

Action                   |  1- 3 |  4- 6 || total
-------------------------+-------+-------++-------
Melee: Flail             |   113 |    58 ||   171
       Kick              |    22 |    30 ||    52
       Mace              |       |    61 ||    61
  Use: Potion            |       |     1 ||     1
  Eat: Chunk             |     2 |     4 ||     6
Armor: Leather armour    |     7 |       ||     7
       Plate armour      |    81 |    99 ||   180
Dodge: Dodged            |    53 |    73 ||   126
